Map: Ruines de Seras

Players

barokHD - Winner!

  • Race: Protoss Protoss
  • League: Diamond

têtedepioche

  • Race: Zerg Zerg
  • League: Diamond

VOD

Have the link to the VOD?

Description

Time

  • Played on: Jan. 27, 2016, 11:49 a.m.
  • Length: 10:39
Show
View Real Time Build Order
Export as new Build Order

barokHD Protoss - Winner!

Build Orders: 1 Gate Expand 

Get SALT Encoding   

  12  0:01  Probe (Chrono Boost)  
  13  0:12  Probe (Chrono Boost)  
  14  0:18  Pylon  
  14  0:22  Probe (Chrono Boost)  
  15  0:36  Probe (Chrono Boost)  
  15  0:38  Gateway  
  16  0:46  Probe (Chrono Boost)  
  16  0:47  Assimilator  
  18  0:57  Probe (Chrono Boost)  
  18  1:07  Probe (Chrono Boost)  
  19  1:18  Probe (Chrono Boost)  
  20  1:27  Nexus  
  20  1:37  Cybernetics Core  
  20  1:40  Probe (Chrono Boost)  
  21  1:47  Assimilator  
  22  1:59  Zealot (Chrono Boost)  
  23  2:02  Pylon  
  22  2:16  Gateway x2  
  22  2:17  Probe  
  23  2:23  Adept (Chrono Boost)  
  23  2:25  Warp Gate (Chrono Boost)  
  23  2:29  Probe  
  26  2:31  Pylon  
  26  2:39  Pylon  
  26  2:42  Mothership Core (Chrono Boost)  
  26  2:56  Stalker  
  28  3:01  Probe  
  29  3:10  Adept x2  
  33  3:13  Probe  
  34  3:25  Probe  
  35  3:32  Adept  
  37  3:37  Probe  
  38  3:51  Nexus  
  37  4:08  Probe  
  38  4:13  Pylon  
  38  4:18  Stargate  
  38  4:20  Probe  
  39  4:32  Probe  
  39  4:33  Pylon  
  39  4:37  Sentry x2  
  39  4:38  Sentry  
  46  4:44  Probe  
  47  4:48  Gateway  
  47  4:56  Probe  
  48  5:03  Phoenix (Chrono Boost)  
  48  5:05  Probe  
  50  5:08  Probe  
  50  5:12  Adept  
  54  5:16  Probe, Adept  
  57  5:22  Probe  
  57  5:26  Probe  
  59  5:34  Probe  
  58  5:37  Probe  
  58  5:38  Stalker x2  
  63  5:47  Pylon  
  63  5:50  Pylon  
  63  5:51  Stalker  
  61  6:06  Stalker  
  61  6:07  Stalker  
  61  6:11  Stalker  
  63  6:16  Stalker  
  59  6:24  Pylon  
  59  6:25  Pylon  
  59  6:26  Void Ray (Chrono Boost)  
  59  6:27  Pylon  
  59  6:31  Stalker  
  61  6:34  Probe  
  61  6:35  Probe  
  63  6:40  Sentry  
  63  6:42  Stalker  
  63  6:44  Probe  
  68  6:47  Probe  
  67  6:55  Probe  
  67  7:00  Zealot  
  70  7:07  Zealot x2  
  68  7:13  Probe  
  68  7:15  Probe  
  70  7:23  Pylon  
  70  7:25  Pylon  
  70  7:27  Pylon  
  70  7:32  Pylon  
  70  7:33  Pylon  
  70  7:34  Robotics Facility  
  70  7:35  Assimilator  
  70  7:39  Probe  
  70  7:41  Probe  
  70  7:42  Assimilator  
  72  7:47  Zealot x4  
  80  7:54  Void Ray (Chrono Boost)  
  80  7:56  Probe  
  80  7:58  Probe  
  78  8:24  Stalker x3  
  84  8:48  Probe x2  
  78  8:50  Stalker x4  
  78  8:52  Immortal (Chrono Boost)  
  78  8:55  Nexus  
  90  8:58  Pylon  
  90  8:59  Void Ray  
  94  9:16  Stalker x2  
  98  9:21  Probe x2  
  100  9:29  Immortal (Chrono Boost)  
  104  9:32  Sentry x2  
  104  9:38  Probe x2  
  110  9:55  Stalker x3  
  110  9:56  Stalker  
  118  10:01  Pylon  
  118  10:06  Probe  
  119  10:07  Observer (Chrono Boost)  
  110  10:30  Stalker x2  
  110  10:31  Stalker x2  
Show
View Real Time Build Order
Export as new Build Order

têtedepioche Zerg 

Build Orders: Pool First 

Get SALT Encoding   

  12  0:01  Drone  
  13  0:08  Drone  
  14  0:26  Drone, Extractor  
  15  0:31  Extractor  
  14  0:36  Spawning Pool  
  14  0:37  Drone  
  14  0:46  Extractor  
  14  0:47  Drone  
  15  1:00  Overlord  
  15  1:23  Zergling x2  
  15  1:24  Zergling x4  
  15  1:25  Queen  
  20  1:35  Zergling x2  
  20  1:36  Metabolic Boost  
  21  1:47  Zergling x2  
  22  1:57  Overlord  
  22  2:10  Extractor  
  22  2:11  Zergling x2  
  23  2:21  Hatchery  
  23  2:22  Drone  
  22  2:48  Drone x4  
  25  2:55  Overlord  
  25  3:00  Queen  
  27  3:08  Drone  
  28  3:20  Drone  
  28  3:26  Drone x3  
  32  3:30  Overlord  
  32  3:42  Drone x2  
  32  3:46  Roach Warren  
  33  3:50  Drone  
  34  3:55  Drone x2  
  35  4:04  Drone  
  35  4:09  Extractor  
  35  4:10  Overlord  
  35  4:13  Drone x2  
  35  4:14  Overlord  
  35  4:15  Drone x2  
  35  4:16  Overlord  
  39  4:30  Overlord  
  39  4:34  Roach x3  
  45  4:41  Roach x3  
  51  4:47  Roach x2  
  55  4:53  Roach  
  55  4:56  Roach  
  55  4:57  Roach  
  61  5:05  Overlord  
  61  5:07  Zergling x4  
  61  5:12  Ravager x2  
  61  5:13  Zergling x2  
  66  5:25  Ravager  
  66  5:26  Zergling x6  
  66  5:27  Zergling x8  
  74  5:31  Zergling x2  
  73  5:40  Ravager, Zergling x4  
  76  5:49  Zergling x2  
  77  5:50  Zergling x10  
  73  6:09  Ravager  
  71  6:12  Zergling x10  
  68  6:19  Zergling x2  
  68  6:20  Zergling x12  
  68  6:24  Ravager  
  74  6:26  Ravager  
  74  6:27  Roach x2  
  79  6:39  Hatchery  
  78  6:43  Overlord  
  78  6:44  Zergling x2  
  70  7:00  Zergling x12  
  65  7:07  Roach  
  49  7:18  Drone x4  
  49  7:19  Pneumatized Carapace  
  53  7:23  Evolution Chamber  
  53  7:25  Drone  
  53  7:26  Extractor  
  52  7:32  Queen  
  54  7:43  Drone x3  
  57  7:47  Spore Crawler  
  56  7:52  Drone  
  56  7:53  Drone x4  
  61  8:02  Roach x5  
  70  8:07  Zergling x2  
  70  8:08  Zergling x2  
  71  8:15  Roach x2  
  70  8:25  Queen  
  69  8:29  Queen  
  65  8:37  Roach x4  
  69  8:48  Drone x6  
  75  8:57  Drone x2  
  77  9:09  Lair  
  77  9:12  Spore Crawler  
  77  9:14  Spore Crawler  
  76  9:17  Drone x4  
  79  9:26  Overlord  
  79  9:38  Drone x3  
  79  9:39  Drone  
  79  9:41  Extractor  
  79  9:42  Extractor, Zergling x6  
  79  9:43  Zergling x2  
  84  9:54  Zergling x4  
  84  9:58  Ravager x3  
  89  10:00  Overlord x4  
Tags
 
Add a new tag
Caveats
  • Supply blocks, unpowered buildings, or Contaminate may cause inaccurate times.
  • Supply counts are checked every 10 seconds.